 Dungeon Crawl Stone Soup version 0.29.1-12-g30fa7ad0bf (webtiles) character file.

Game seed: 12128226239438117314

609 cheesebisquit the Digger (level 7, 0/36 HPs)
             Began as a Gargoyle Earth Elementalist on Jan 15, 2023.
             Slain by a yak (8 damage)
             ... on level 4 of the Dungeon.
             The game lasted 00:20:46 (4395 turns).

cheesebisquit the Digger (GrEE)                     Turns: 4395, Time: 00:20:46

Health: 0/36       AC: 10    Str: 12    XL:     7   Next: 43%
Magic:  6/15       EV: 11    Int: 17    God:
Gold:   303        SH:  0    Dex: 10    Spells: 15/16 levels left

rFire   . . .      SeeInvis .   (no weapon)
rCold   . . .      Faith    .   (no shield)
rNeg    + . .      Spirit   .   a - +0 robe
rPois   ∞          Reflect  .   (no helmet)
rElec   +          Harm     .   (no cloak)
rCorr   .          Rampage  .   (no gloves)
Will    +....                   (no boots)
Stlth   ++........              (no amulet)
HPRegen 0.12/turn               c - +4 ring of protection
MPRegen 0.14/turn               n - ring of willpower

@: no status effects
A: sickness immunity, AC +4, negative energy resistance 1, electricity
resistance, torment resistance 1, petrification resistance
a: no special abilities


You were on level 4 of the Dungeon.
You visited 1 branch of the dungeon, and saw 5 of its levels.

You collected 303 gold pieces.

Inventory:

Hand Weapons
 x - a +0 flail
Missiles
 w - 4 poisoned darts
Armour
 a - a +0 robe (worn)
Jewellery
 c - a +4 ring of protection (left hand)
 n - a ring of willpower (right hand)
 y - a ring of flight
Wands
 e - a wand of digging (5)
 v - a wand of mindburst (16)
Scrolls
 d - a scroll of teleportation {unknown}
 i - a scroll of magic mapping
 l - a scroll of fog {unknown}
 p - a scroll of noise
 r - a scroll of enchant armour {unknown}
 s - 2 scrolls of torment {unknown}
 u - a scroll of vulnerability {unknown}
Potions
 b - a potion of magic
 f - a potion of berserk rage {unknown}
 g - a potion of ambrosia {unknown}
 h - a potion of lignification
 j - 4 potions of brilliance
 k - a potion of degeneration {unknown}
 m - a potion of flight
 q - a potion of might {unknown}
 t - 2 potions of attraction {unknown}
 z - a potion of heal wounds {unknown}


   Skills:
 - Level 1.5 Dodging
 - Level 2.1 Stealth
 + Level 5.3 Spellcasting
 - Level 0.7 Transmutations
 + Level 7.5 Earth Magic


You had 15 spell levels left.
You knew the following spells:

 Your Spells              Type           Power      Damage    Failure   Level
a - Sandblast             Erth           60%        2d14      1%          1

Your spell library contained the following spells:

 Spells                   Type           Power      Damage    Failure   Level
 Passwall                 Tmut/Erth      15%        N/A       3%          2
 Stone Arrow              Conj/Erth      34%        3d9       9%          3
 Petrify                  Tmut/Erth      18%        N/A       26%         4
 Dazzling Flash           Conj/Hex       8%         N/A       38%         3
 Iskenderun's Mystic Bla  Conj/Tloc      4%         2d3       80%         4
 Starburst                Conj/Fire      2%         6d3       100%        6


Dungeon Overview and Level Annotations

Branches:
Dungeon (5/15)
 Temple: D:4-7

Altars:


Innate Abilities, Weirdness & Mutations

You are immune to sickness and miasma.
Your stone body is resilient. (AC +4)
You are immune to poison.
You resist negative energy. (rN+)
You are resistant to electric shocks. (rElec)
You are resistant to unholy torment.
You are immune to petrification.


Message History

Press: ? - help, Q - select action, (/) - cycle Shift-Dir - straight line, f/p - yak
Aim: a yak (almost dead, 90% to hit)
The blast of sand hits the yak!!
You kill the yak!
A yak comes into view.
Aiming: Sandblast (safe; 1% risk of failure)
Press: ? - help, Q - select action, (/) - cycle Shift-Dir - straight line, f - yak
Aim: a yak (wandering, hasn't noticed you, 90% to hit)
The blast of sand hits the yak!
The yak is moderately wounded.
A yak comes into view.
The yak gores you but does no damage.
You climb upwards.
There is a stone staircase leading down here.
Aiming: Sandblast (safe; 1% risk of failure)
Press: ? - help, Q - select action, (/) - cycle Shift-Dir - straight line, f - yak
Aim: a yak (moderately wounded, 90% to hit)
The blast of sand hits the yak but does no damage.
The yak is moderately wounded.
The yak closely misses you.
Aiming: Sandblast (safe; 1% risk of failure)
Press: ? - help, Q - select action, (/) - cycle Shift-Dir - straight line, f/p - yak
Aim: a yak (moderately wounded, 90% to hit)
The blast of sand hits the yak!
The yak is heavily wounded.
The yak gores you.
* * * LOW HITPOINT WARNING * * *
The yak gores you but does no damage.
Aiming: Sandblast (safe; 1% risk of failure)
Press: ? - help, Q - select action, (/) - cycle Shift-Dir - straight line, f/p - yak
Aim: a yak (heavily wounded, 90% to hit)
The blast of sand misses the yak.
The yak closely misses you.
Aiming: Sandblast (safe; 1% risk of failure)
Press: ? - help, Q - select action, (/) - cycle Shift-Dir - straight line, f/p - yak
Aim: a yak (heavily wounded, 90% to hit)
The blast of sand hits the yak.
The yak is severely wounded.
The yak gores you!
You die...

............## ##...###
............# ##...##
#.........#####..###
##.......####...##
###.....###..###
###...#...## #
#....)########
######...)#))..Y..##
....##...#......@..##
##.....###..........#
##<....# #..........##
#......# #...........#
#......####..........##
........# #...........#
........# ##..........####
........#####............#
.........................#


You could see a yak.

Vanquished Creatures
  A yak (D:5)
  Blork the orc (D:5)
  2 scorpions
  A hound (D:4)
  A jelly (D:4)
  2 iguanas (D:4)
  4 gnolls (D:4)
  4 adders
  4 dart slugs
  5 orcs
  9 ball pythons
  4 bats
  6 endoplasms
  A giant cockroach (D:1)
  9 hobgoblins
  5 jackals (D:1)
  10 kobolds
  A quokka (D:4)
  4 frilled lizards
  11 goblins
  7 rats
92 creatures vanquished.

Notes
Turn   | Place    | Note
-------+----------+-------------------------------------------
     0 | D:1      | cheesebisquit the Gargoyle Earth Elementalist began the
                  | quest for the Orb.
     0 | D:1      | Reached XP level 1. HP: 10/10 MP: 3/3
   129 | D:1      | Reached XP level 2. HP: 15/15 MP: 3/5
   191 | D:1      | Reached skill level 4 in Earth Magic
   664 | D:1      | Reached XP level 3. HP: 19/19 MP: 4/6
  1007 | D:1      | Found a faded altar of an unknown god.
  1531 | D:2      | Reached XP level 4. HP: 24/24 MP: 5/8
  2127 | D:3      | Reached skill level 5 in Earth Magic
  2521 | D:3      | Identified the +5 dagger "Xoarpheoc" {flame, rElec}
  2522 | D:3      | Noticed a scorpion
  2528 | D:3      | Killed a scorpion
  2529 | D:3      | Reached XP level 5. HP: 28/28 MP: 7/10
  3310 | D:4      | Reached skill level 6 in Earth Magic
  3310 | D:4      | Reached XP level 6. HP: 32/32 MP: 9/12
  3949 | D:5      | Entered Level 5 of the Dungeon
  3949 | D:5      | Noticed Blork the orc
  3984 | D:5      | HP: 1/32 [Blork the orc/+0 halberd (8)]
  4262 | D:5      | Killed Blork the orc
  4263 | D:5      | Reached skill level 5 in Spellcasting
  4263 | D:5      | Reached skill level 7 in Earth Magic
  4263 | D:5      | Reached XP level 7. HP: 28/36 MP: 9/14
  4361 | D:5      | Noticed a yak
  4383 | D:5      | Killed a yak
  4388 | D:5      | Noticed a yak
  4389 | D:5      | Noticed a yak
  4395 | D:4      | Slain by a yak

Illustrated notes

Levels and vault maps discovered:
D:1:      dpeg_cavernosity, layout_loops_ring, hellmonk_ecumenical_altar_run_dry
D:2:      layout_basic, kennysheep_another_room
D:3:      layout_basic
D:4:      layout_cave_pods, feat_on_display
D:5:      layout_rooms, old_standard_altar, chequers_serial_rivers_micro_e,
          uniq_blork_the_orc

Skill      XL: |  1  2  3  4  5  6 |
---------------+-------------------+-----
Earth Magic    | 4 5 6 7 |  7.5
Spellcasting   | 3 4 5 |  5.3
Dodging        | |  1.5
Stealth        | |  2.1
Transmutations | |  0.7

Action                   |  1- 3 |  4- 6 |  7- 9 || total
-------------------------+-------+-------+-------++-------
Melee: Unarmed           |    19 |    10 |       ||    29
       Dagger            |     3 |       |       ||     3
       Club              |       |     4 |       ||     4
       Flail             |       |     6 |       ||     6
       Punch             |       |     1 |       ||     1
 Cast: Sandblast         |    48 |    73 |    11 ||   132
  Use: Potion            |       |     5 |       ||     5
       Scroll            |       |     4 |       ||     4
Armor: Robe              |     6 |    17 |     3 ||    26
       Skin              |       |     9 |       ||     9
Dodge: Dodged            |    26 |    31 |     4 ||    61
